 Dungeon Crawl Stone Soup version 0.23.0 (webtiles) character file.

Game seed: 18073731961220081193

2513 Infinimo the Grappler (level 9, 0/81 HPs)
             Began as a Minotaur Monk on Feb 12, 2019.
             Was a Believer of Wu Jian.
             Killed by vampiric draining
             ... invoked by Garrluk's ghost
              (21 damage)
             ... on level 7 of the Dungeon.
             The game lasted 00:16:39 (7146 turns).

Infinimo the Grappler (Minotaur Monk)               Turns: 7146, Time: 00:16:40

Health: 0/81       AC: 15    Str: 20    XL:     9   Next: 29%
Magic:  8/8        EV:  9    Int:  7    God:    Wu Jian [**....]
Gold:   381        SH:  0    Dex: 12    Spells: 8/8 levels left

rFire    + . .     SeeInvis .     - Unarmed
rCold    . . .     Gourm    .   (no shield)
rNeg     . . .     Faith    .   e - +4 chain mail {rPois}
rPois    +         Spirit   .   (helmet restricted)
rElec    .         Reflect  .   t - +0 cloak
rCorr    .         Harm     .   (no gloves)
MR       .....                  (no boots)
Stlth    ..........             (no amulet)
HPRegen  0.23/turn              c - ring of protection from fire
MPRegen  0.11/turn              k - ring of poison resistance

@: no status effects
A: retaliatory headbutt, horns 2
a: Wall Jump, Renounce Religion


You were on level 7 of the Dungeon.
You worshipped Wu Jian.
Wu Jian was pleased with you.
You were not hungry.

You visited 2 branches of the dungeon, and saw 8 of its levels.

You collected 381 gold pieces.

Inventory:

Armour
 e - a +4 chain mail of poison resistance (worn)
 t - a +0 cloak (worn)
Jewellery
 c - a ring of protection from fire (left hand)
 k - a ring of poison resistance (right hand)
Wands
 n - a wand of acid (7)
Scrolls
 l - a scroll of remove curse
 o - a scroll of immolation
 q - 2 scrolls of amnesia
 s - 2 scrolls of fear
 x - 2 scrolls of magic mapping
Potions
 d - 4 potions of heal wounds
 g - a potion of might
 h - a potion of ambrosia {unknown}
 i - 2 potions of degeneration
 j - a potion of berserk rage
 m - 4 potions of agility
 p - a potion of brilliance {unknown}
 r - 5 potions of curing
 v - a potion of haste
Comestibles
 b - 16 rations


   Skills:
 + Level 8.0 Fighting
 + Level 7.0 Armour
 - Level 3.2 Dodging
 - Level 1.5 Stealth
 * Level 10.7 Unarmed Combat


You had 8 spell levels left.
You didn't know any spells.
Your spell library contained the following spells:

 Spells                   Type           Power        Failure   Level  Hunger
 Magic Dart               Conj           #...         98%         1    ##.....
 Searing Ray              Conj           #.....       99%         2    ###....
 Dazzling Spray           Conj/Hex       #.....       100%        3    ####...
 Force Lance              Conj/Tloc      #.......     100%        4    #####..
 Fulminant Prism          Conj/Hex       #.........   100%        4    #####..
 Ice Form                 Ice/Tmut       #.......     100%        4    #####..
 Iskenderun's Mystic Bla  Conj           #.......     100%        4    #####..
 Metabolic Englaciation   Hex/Ice        #.........   100%        5    ######.
 Bolt of Cold             Conj/Ice       #.........   100%        6    #######
 Freezing Cloud           Conj/Ice/Air   #.........   100%        6    #######
 Ozocubu's Refrigeration  Ice            #.........   100%        6    #######
 Simulacrum               Ice/Necr       #.........   100%        6    #######


Dungeon Overview and Level Annotations

Branches:
Dungeon (7/15)             Temple (1/1) D:6

Altars:
Ashenzari
Cheibriados
Dithmenos
Elyvilon
Fedhas
Gozag
Hepliaklqana
Makhleb
Nemelex Xobeh
Qazlal
Ru
Sif Muna
Trog
Uskayaw
Vehumet
Wu Jian
Xom
Yredelemnul
The Shining One

Annotations:
D:4 Pikel
D:7 1 transporter, Garrluk's ghost, novice DDNe


Innate Abilities, Weirdness & Mutations

You reflexively headbutt those who attack you in melee.
You have a pair of horns on your head.


Message History

Aiming: Wall Jump
Press: ? - help, Dir - move target cursor You repeatedly attack Garrluk's ghost from above.
You hit Garrluk's ghost.
Garrluk's ghost is heavily damaged. x2
Garrluk's ghost is infused with unholy energy.
* * * LOW HITPOINT WARNING * * *
Garrluk's ghost draws life force from you and is healed!
Garrluk's ghost stares at you.
Aiming: Wall Jump
Press: ? - help, Dir - move target cursor You repeatedly attack Garrluk's ghost from above.
You punch Garrluk's ghost!
Garrluk's ghost is heavily damaged.
Your chain mail prevents you from hitting Garrluk's ghost.
Garrluk's ghost is heavily damaged.
You punch Garrluk's ghost!
Garrluk's ghost is severely damaged.
Garrluk's ghost is infused with unholy energy.
You die...

##......# #..#####.......##
#.......####..##.........##
#####......##....##..........#
##................#..#.........
#.....................#......#.
##......#############).......##
##..##.#...........#.........#
###...#....○W○....#........#.
#....#..###@###..#..........
#....#..#8#°#8#..#.......... ###
#....#?..........#..........
##.####..©#%....©.....#©...#.....
.....###..#$..........#..###...#.
....###.#.#..#8#.#8#.$#...#.##.##
..(###..#.#..###.###..#.>.....[..
#.###.....#...........#........##
.......##.#..........©#........##


You could see Garrluk's ghost.

Vanquished Creatures
  Sigmund (D:4)
  Eustachio (D:6)
  A hungry ghost (D:6)
  4 orc warriors
  An ice beast (D:6)
  A sky beast (D:3)
  An ogre (D:4)
  A phantom (D:5)
  A bullfrog (D:6)
  A scorpion (D:7)
  The ghost of P0WERM0DE the Covered, a weakling DDFi (D:4)
  6 killer bees (D:7)
  2 crimson imps
  2 jellies (D:6)
  3 orc priests
  A hound (D:5)
  Crazy Yiuf (D:6)
  2 iguanas (D:7)
  4 orc wizards
  3 worker ants
  A killer bee zombie (D:6)
  A hound zombie (D:7)
  A hound skeleton (D:7)
  A mummy (D:7)
  2 worker ant zombies
  3 gnolls (D:2)
  9 adders
  3 shadow imps
  An adder skeleton (D:7)
  2 worms
  3 dart slugs
  5 leopard geckos
  30 orcs
  8 giant cockroaches
  11 hobgoblins
  18 jackals
  2 quokkas
  2 ball pythons
  13 bats
  5 frilled lizards
  7 goblins
  3 kobolds
  A leopard gecko skeleton (D:7)
  A leopard gecko zombie (D:6)
  A quokka skeleton (D:6)
  A quokka zombie (D:5)
  11 rats
  A spectral quokka (D:7)
  A fungus (D:6)
186 creatures vanquished.

Vanquished Creatures (others)
  A quokka (D:4)
1 creature vanquished.

Grand Total: 187 creatures vanquished

Notes
Turn   | Place    | Note
-------+----------+-------------------------------------------
     0 | D:1      | Infinimo the Minotaur Monk began the quest for the Orb.
     0 | D:1      | Reached XP level 1. HP: 19/19 MP: 0/0
   375 | D:1      | Reached XP level 2. HP: 19/26 MP: 1/1
   396 | D:1      | Reached skill level 4 in Unarmed Combat
   969 | D:1      | Reached XP level 3. HP: 29/31 MP: 2/2
  1517 | D:2      | Reached skill level 5 in Unarmed Combat
  1990 | D:2      | Reached XP level 4. HP: 32/39 MP: 3/3
  2342 | D:2      | Reached skill level 1 in Armour
  2685 | D:3      | Reached XP level 5. HP: 44/46 MP: 4/4
  2690 | D:3      | Reached skill level 6 in Unarmed Combat
  2798 | D:3      | Noticed a sky beast
  2839 | D:3      | Killed a sky beast
  2839 | D:3      | Reached XP level 6. HP: 16/53 MP: 5/5
  3407 | D:4      | Reached skill level 7 in Unarmed Combat
  3540 | D:4      | Noticed Sigmund
  3571 | D:4      | Killed Sigmund
  3571 | D:4      | Reached skill level 5 in Fighting
  3571 | D:4      | Reached XP level 7. HP: 43/61 MP: 6/6
  3689 | D:4      | Noticed Pikel
  3920 | D:4      | Found a blossoming altar of Fedhas.
  3922 | D:4      | Found a stormy altar of Qazlal.
  3938 | D:4      | Found a runed translucent door.
  3967 | D:4      | Found a white marble altar of Elyvilon.
  4083 | D:4      | Noticed P0WERM0DE's ghost (weakling DDFi)
  4106 | D:4      | Killed P0WERM0DE's ghost
  4122 | D:5      | Entered Level 5 of the Dungeon
  4189 | D:5      | Reached skill level 8 in Unarmed Combat
  4564 | D:5      | Found a shattered altar of Ashenzari.
  4565 | D:5      | Found an opulent altar of Gozag.
  4629 | D:5      | Found a burning altar of Makhleb.
  4739 | D:6      | Found a sparkling altar of Nemelex Xobeh.
  4843 | D:6      | Noticed a hungry ghost
  4858 | D:6      | Killed a hungry ghost
  4858 | D:6      | Reached XP level 8. HP: 68/70 MP: 7/7
  4918 | D:6      | Noticed Eustachio
  4927 | D:6      | Reached skill level 5 in Armour
  4951 | D:6      | Killed Eustachio
  4951 | D:6      | Reached skill level 9 in Unarmed Combat
  4998 | D:6      | Found a staircase to the Ecumenical Temple.
  5489 | Temple   | Entered the Ecumenical Temple
  5657 | Temple   | Became a worshipper of the Wu Jian Council
  5657 | Temple   | Reached * piety under Wu Jian
  5657 | Temple   | Reached ** piety under Wu Jian
  5692 | D:6      | Found a snail-covered altar of Cheibriados.
  5862 | D:6      | Reached skill level 10 in Unarmed Combat
  5870 | D:6      | Found a basalt altar of Yredelemnul.
  6223 | D:6      | Found a runed translucent door.
  6224 | D:6      | Noticed Crazy Yiuf
  6249 | D:6      | Killed Crazy Yiuf
  6310 | D:7      | Found a hazy altar of Hepliaklqana.
  6326 | D:7      | Found a transporter.
  6334 | D:7      | Found a transporter.
  6334 | D:7      | Noticed Garrluk's ghost (novice DDNe)
  6394 | D:7      | Reached XP level 9. HP: 74/79 MP: 8/8
  7146 | D:7      | Killed from afar by Garrluk's ghost

Skill      XL: |  1  2  3  4  5  6  7  8  9 |
---------------+----------------------------+-----
Unarmed Combat | 4 5 6 7 8 10 | 10.7
Armour         | 1 2 3 4 6 7 |  7.0
Fighting       | 4 5 6 7 8 |  8.0
Dodging        | |  3.2
Stealth        | |  1.5

Action                   |  1- 3 |  4- 6 |  7- 9 || total
-------------------------+-------+-------+-------++-------
Melee: Unarmed           |   126 |   153 |   335 ||   614
       Punch             |     2 |     2 |     5 ||     9
       Headbutt          |    12 |    21 |    59 ||    92
Invok: Lunge             |       |       |     5 ||     5
       Whirlwind         |       |       |     7 ||     7
 Abil: Wall Jump         |       |       |    30 ||    30
  Use: Scroll            |     2 |     6 |     8 ||    16
       Potion            |       |     1 |     1 ||     2
  Eat: Chunk             |     3 |     6 |    14 ||    23
Armor: Robe              |     6 |       |       ||     6
       Chain mail        |    49 |    74 |   165 ||   288
Dodge: Dodged            |    53 |    60 |   117 ||   230
